 Dungeon Crawl Stone Soup version 0.27-a0-972-gd1521fd518 (webtiles) character file.

Game seed: 11096159359698930067

25 mhtbhm the Digger (level 3, 0/19 HPs)
             Began as a Gargoyle Earth Elementalist on Apr 13, 2021.
             Slain by an iguana (8 damage)
             ... on level 2 of the Dungeon.
             The game lasted 00:01:48 (1445 turns).

mhtbhm the Digger (Gargoyle Earth Elementalist)     Turns: 1445, Time: 00:01:48

Health: 0/19       AC:  5    Str: 11    XL:     3   Next: 6%
Magic:  6/6        EV: 12    Int: 16    God:
Gold:   80         SH:  0    Dex: 10    Spells: 3/6 levels left

rFire    . . .     SeeInvis .   a - +0 mace
rCold    . . .     Faith    .   (no shield)
rNeg     + . .     Spirit   .   c - +0 robe
rPois    ∞         Reflect  .   (no helmet)
rElec    +         Harm     .   (no cloak)
rCorr    .         Rampage  .   (no gloves)
Will     .....                  (no boots)
Stlth    ++........             (no amulet)
HPRegen  0.06/turn              g - ring of wizardry
MPRegen  0.10/turn              (no ring)

@: no status effects
A: AC +3, negative energy resistance 1, electricity resistance, torment
resistance 1, unbreathing 1, petrification resistance
a: no special abilities


You were on level 2 of the Dungeon.
You visited 1 branch of the dungeon, and saw 2 of its levels.

You collected 80 gold pieces.

Inventory:

Hand Weapons
 a - a +0 mace (weapon)
Missiles
 b - 31 stones
Armour
 c - a +0 robe (worn)
Jewellery
 d - an amulet of faith
 g - a ring of wizardry (left hand)
Scrolls
 e - a scroll of fog {unknown}
 f - a scroll of identify {unknown}
 h - 2 scrolls of teleportation
 i - a scroll of silence {unknown}


   Skills:
 + Level 0.2 Fighting
 + Level 0.1 Maces & Flails
 + Level 1.7 Dodging
 - Level 2.1 Stealth
 + Level 2.4 Spellcasting
 + Level 0.8 Transmutations
 + Level 4.3 Earth Magic


You had 3 spell levels left.
You knew the following spells:

 Your Spells              Type           Power      Damage    Failure   Level
a - Sandblast             Erth           30%        2d9       1%          1
b - Passwall              Tmut/Erth      8%         N/A       4%          2

Your spell library contained the following spells:

 Spells                   Type           Power      Damage    Failure   Level
 Animate Skeleton         Necr           2%         N/A       9%          1
 Apportation              Tloc           2%         N/A       9%          1
 Corona                   Hex            1%         N/A       9%          1
 Summon Small Mammal      Summ           4%         N/A       9%          1
 Stone Arrow              Conj/Erth      16%        3d8       10%         3
 Petrify                  Tmut/Erth      10%        N/A       26%         4
 Lee's Rapid Deconstruct  Erth           7%         3d8*      34%         5


Dungeon Overview and Level Annotations

Branches:
Dungeon (2/15)

Altars:


Innate Abilities, Weirdness & Mutations

Your stone body is resilient. (AC +3)
You are immune to poison.
You resist negative energy. (rN+)
You are resistant to electric shocks. (rElec)
You are resistant to unholy torment.
You can survive without breathing.
You are immune to petrification.


Message History

A hobgoblin is nearby!
Found a hunting sling.
You see here a ball python corpse.
The hobgoblin hits you but does no damage.
Found a stone staircase leading down.
You hit the hobgoblin.
You kill the hobgoblin!
No target in view!
No target in view!
No target in view!
No target in view!
No target in view!
No target in view!
No target in view!
No target in view!
No target in view!
i - a scroll labelled ERALEU ALYU An iguana comes into view.
The iguana hisses angrily.
An iguana is nearby!
A hobgoblin comes into view.
A quokka comes into view.
The quokka moves out of view.
You hit the iguana.
The iguana is moderately wounded.
The iguana hisses menacingly.
The iguana barely misses you.
A rat comes into view.
The iguana completely misses you.
You hit the iguana but do no damage.
The iguana is lightly wounded.
The hobgoblin hits you. The iguana bites you.
You hit the iguana.
The iguana is moderately wounded.
The hobgoblin barely misses you. The iguana closely misses you.
The quokka closely misses you. The hobgoblin misses you. The iguana misses you.
You barely miss the iguana.
The iguana is moderately wounded.
The quokka bites you. The hobgoblin hits you. The iguana bites you!
You die...

#.#. ...
#.# ... #.#
.r #.# # #.
#.# #.#.##
#.# #..gl#
#.#
#r@####.#
#....##.#
#.....#.#
#.#.###.#.#
#.........#
###.###.###
#. #.######
#. #......#
#..###.###


You could see an iguana, a quokka, a hobgoblin and a rat.

Vanquished Creatures
  A dart slug (D:1)
  4 bats
  An endoplasm (D:1)
  A goblin (D:1)
  5 hobgoblins
  3 quokkas (D:1)
  3 ball pythons
  A frilled lizard (D:1)
  2 rats
21 creatures vanquished.

Notes
Turn   | Place    | Note
-------+----------+-------------------------------------------
     0 | D:1      | mhtbhm the Gargoyle Earth Elementalist began the quest for
                  | the Orb.
     0 | D:1      | Reached XP level 1. HP: 10/10 MP: 3/3
   321 | D:1      | Reached skill level 4 in Earth Magic
   321 | D:1      | Reached XP level 2. HP: 15/15 MP: 3/5
   324 | D:1      | Learned a level 2 spell: Passwall
   706 | D:1      | Found a faded altar of an unknown god.
  1356 | D:2      | Reached XP level 3. HP: 19/19 MP: 1/6
  1445 | D:2      | Slain by an iguana

Illustrated notes

Levels and vault maps discovered:
D:1:      lightli_arrival_maybe_door_vault, layout_loops_ring,
          basic_ecumenical_altar, patterned_corridor
D:2:      layout_basic, hangedman_glass_teeth, hex_tiny, serial_bayou_pond_d,
          minmay_cut_off

Skill      XL: |  1 |
---------------+----+-----
Earth Magic    | 4 |  4.3
Fighting       | |  0.2
Maces & Flails | |  0.1
Dodging        | |  1.7
Stealth        | |  2.1
Spellcasting   | |  2.4
Transmutations | |  0.8

Action                   || total
-------------------------++-------
Melee: Mace              ||    29
       Unarmed           ||    14
 Cast: Sandblast         ||    17
  Use: Scroll            ||     1
Armor: Robe              ||    14
Dodge: Dodged            ||    37

Table legend: (Time is in decaauts)
 A = Elapsed time spent in this place.
 B = Non-inter-level travel time spent in this place.
 C = Inter-level travel time spent in this place.
 D = Time resting spent in this place.
 E = Time spent auto-exploring this place.
 F = Levels seen in this place.
 G = Mean time per level.
                   A        B        C        D        E       F      G
               +--------+--------+--------+--------+--------+-----+--------+
         Total |   1453 |   1428 |     25 |    367 |    841 |   2 |  726.5 |
       Dungeon |   1453 |   1428 |     25 |    367 |    841 |   2 |  726.5 |
               +--------+--------+--------+--------+--------+-----+--------+

Top non-repeatable levels by time:
     D:1: 1354 daAuts
     D:2: 99 daAuts
